Zazza, neutral female human Tourist ------- -------- #......| ---------------- |......-# |.....| ................############ |......|####%####......| |........(.....| -----# |....`.|# |.....| |..............| |...-# |....<.|# ---|--- #------.--------- |...|# ---.----# # ###f############# |.(.| ######## ### @ # ---.-# # # # F ### ####### # # # ########################## `## ## # ### ### ### ----.-----## # # # # |........|# ------.-- #######` ##.........|### |.....(.| -------.---.-- |........| # |.......| |............| .........| ##........| |............| |........| --------- |............| ---------- -------------- Zazza the Rambler Experience level: 1 Strength: 16 Dexterity: 10 Constitution: 12 Intelligence: 13 Wisdom: 8 Charisma: 18 Health: 0(10) Energy: 2(2) Def: 0 Gold: 1438 Moves: 1714 Dungeon seed: qkrhj_VpMIKDwjNo Game ID: Zazza_1600378011 Your Inventory: Coins $ - 1438 gold pieces Weapons a - 27 +2 darts (in quiver) u - a +0 quarterstaff X - a +0 sling Armor e - an uncursed +0 Hawaiian shirt (being worn) Comestibles b - 2 uncursed slime molds c - an uncursed carrot d - 2 uncursed eggs f - 5 uncursed food rations g - 2 uncursed tripe rations Scrolls i - 3 uncursed scrolls of magic mapping l - a cursed scroll of food detection s - a blessed scroll of magic mapping w - an uncursed scroll of fire A - an uncursed scroll of teleportation B - an uncursed scroll of earth C - a cursed scroll of destroy armor D - an uncursed scroll of enchant armor E - an uncursed scroll of teleportation F - an uncursed scroll of enchant armor G - an uncursed scroll of gold detection H - 3 uncursed scrolls of identify I - an uncursed scroll of remove curse J - an uncursed scroll of destroy armor K - a cursed scroll of light Spellbooks L - an uncursed spellbook of charm monster M - an uncursed spellbook of stone to flesh Q - an uncursed spellbook of create monster S - an uncursed spellbook of detect monsters T - a cursed spellbook of cure blindness Potions h - 2 uncursed potions of extra healing m - an uncursed potion of paralysis o - an uncursed potion of speed P - an uncursed potion of levitation U - an uncursed potion of water V - a blessed potion of polymorph Rings p - a cursed ring of hunger R - an uncursed ring of see invisible W - an uncursed ring of warning Wands q - a wand of enlightenment (0:11) Tools j - an expensive camera (0:96) k - an uncursed credit card v - a blessed crystal ball (0:5) x - an uncursed towel Gems n - an uncursed obsidian stone r - an uncursed opal y - an uncursed jasper stone z - an uncursed worthless piece of violet glass Spells and supernatural/magical abilities: Name Level Category Fail Memory W - pray for help -- divine ? -- Your skills at the end: Fighting Skills Weapon Skills dart [Basic] Spellcasting Skills Final Attributes: You were aligned. You are dead. Vanquished creatures: 4 coyotes a hobbit 2 giant rats a yellow mold 2 gnome zombies 4 geckos 7 jackals a fox 2 sewer rats 2 grid bugs a bat 4 lichens a kobold zombie 5 newts 37 creatures vanquished. Voluntary challenges: You followed a strict vegan diet. You were an atheist. You never hit with a wielded weapon. You read items or engraved 1 time, starting on turn 1153. You never genocided any monsters. You never polymorphed an object. You never changed form. You used no wishes. You never split a pudding. You never wrote Elbereth's name. You never violated your personal moral code. Dungeon overview: The Dungeons of Doom: levels 1 to 4 Level 1 a fountain a long staircase Level 2 a long staircase Level 3 a scroll shop Level 4 <- You were here History has recorded: On T:1 you entered the Dungeons of Doom to retrieve the Amulet of Yendor! On T:398 you reached level 2 of The Dungeons of Doom. On T:788 you reached level 3 of The Dungeons of Doom. On T:1234 you reached level 4 of The Dungeons of Doom. Score breakdown: Gold: 472 ( 9098 points) Experience: 1 level ( 0 points) Exploration: 4 levels ( 8.33%) ( 7579 points) Discoveries: 3 items ( 1.01%) ( 3010 points) Valuables value: (no points given unless you survive) Artifact value: 0 ( 0 points) Variety of kills: 14 monsters ( 3.67%) ( 5750 points) Turncount: 1714 turns ( 0 points) Survival: died (score multiplied by 80%) Total score: 20349 Latest messages: You displace Armand. You see here a sling. You hear some noises. You have a little trouble lifting X - a sling. You displace Armand. The coyote bites! You miss the coyote. The coyote bites! (2x) You miss the coyote. The coyote bites! You displace Armand. You hear some noises in the distance. You hear some noises. You displace Armand. You hear some noises. That food really hit the spot! You finish eating the food ration. You hear some noises. You displace Armand. You miss the brown mold. You are suddenly very cold! You miss the brown mold. You are suddenly very cold! You die... Final status: Aloha Zazza the Tourist, killed by a brown mold... You died in The Dungeons of Doom on dungeon level 4 with 20349 points, and 1438 pieces of gold, after 1714 moves. You were level 1 with a maximum of 10 hit points when you died.